 Dungeon Crawl Stone Soup version 0.30.1-11-g7821555f0a (webtiles) character file.

Game seed: 7021239257163280767

195 Dillybarz the Chopper (level 5, -21/47 HPs)
             Began as a Minotaur Fighter on Nov 8, 2023.
             Demolished by an ogre
             ... wielding a +0 giant club
              (22 damage)
             ... on level 4 of the Dungeon.
             The game lasted 00:13:33 (2891 turns).

Dillybarz the Chopper (Minotaur Fighter)            Turns: 2891, Time: 00:13:34

Health: -21/47     AC:  7    Str: 22    XL:     5   Next: 45%
Magic:  4/4        EV:  9    Int:  5    God:
Gold:   189        SH:  4    Dex: 10    Spells: 4/4 levels left

rFire   . . .        a - +0 war axe
rCold   . . .        c - +0 buckler
rNeg    . . .        b - +0 scale mail
rPois   .            (helmet restricted)
rElec   .            (no cloak)
rCorr   .            (no gloves)
SInv    .            (no boots)
Will    .....        (no amulet) Stlth
                     (no ring)
HPRegen 0.27/turn    (no ring)
MPRegen 0.09/turn

%: no passive effects
@: no status effects
A: horns 2, retaliatory headbutt
a: no special abilities


You were on level 4 of the Dungeon.
You visited 1 branch of the dungeon, and saw 4 of its levels.

You collected 189 gold pieces.

Inventory:

Hand Weapons
 a - a +0 war axe (weapon)
Missiles
 g - 41 stones (quivered)
 o - 5 poisoned darts
Armour
 b - a +0 scale mail (worn)
 c - a +0 buckler (worn)
Scrolls
 f - 6 scrolls of identify
 m - a scroll of teleportation
Potions
 d - 3 potions of might
 e - a potion of magic
 h - a potion of mutation
 i - 2 potions of curing {unknown}
 k - 2 potions of lignification {unknown}
 l - a potion of brilliance {unknown}


   Skills:
 + Level 4.6 Fighting
 * Level 4.7 Axes
 + Level 4.6 Armour
 + Level 4.6 Shields


You had 4 spell levels left.
You didn't know any spells.
Your spell library was empty.

Dungeon Overview and Level Annotations

Branches:
Dungeon (4/15)
 Temple: D:4-7

Altars:
Yredelemnul


Innate Abilities, Weirdness & Mutations

You have a pair of horns on your head.
You reflexively headbutt those who attack you in melee.


Message History

You kill the kobold!
The orc closely misses you.
Items here: ( )) [ ††.
You closely miss the orc. You closely miss something.
The orc barely misses you.
You slash the orc!
You kill the orc!
You hit something. You block something's attack. Something hits you.
You see here a +0 falchion.
You slash something!
Reactivating autopickup.
You feel a bit more experienced. The orc hits you but does no damage.
You closely miss the orc. Your headbutt misses the orc.
The orc hits you but does no damage.
You hit the orc but do no damage. You slash the jelly!
Your hands burn!
The jelly barely misses you. You furiously retaliate!
You headbutt the jelly!
You kill the jelly!
The orc hits you with a +0 falchion. The ogre barely misses you.
You furiously retaliate!
You headbutt the ogre. The orc hits you but does no damage.
You see here a +0 falchion.
You completely miss the ogre.
The ogre is moderately wounded.
You closely miss the orc. The orc hits you with a +0 falchion!
The ogre hits you with a +0 giant club!
* * * LOW HITPOINT WARNING * * *
You completely miss the ogre. You headbutt the ogre!
The ogre is heavily wounded.
You hit the orc. The orc hits you with a +0 falchion.
* * * LOW HITPOINT WARNING * * *
The orc hits you with a +0 falchion.
* * * LOW HITPOINT WARNING * * *
You block the ogre's attack.
You hit the ogre.
The ogre is severely wounded.
You closely miss the orc. The orc hits you with a +0 falchion.
* * * LOW HITPOINT WARNING * * *
The ogre hits you with a +0 giant club!!
You die...

... ....
.....
.....#
....#
#..##
#..##
##..### #.
###O@##
#.. ##o.##
#..#
##..###
#..#
###..##
#..#
##..###..#
##..#..#
##...#
##..# ##.#


You could see an ogre and an orc.

Vanquished Creatures
  A jelly (D:4)
  An orc priest (D:4)
  An orc wizard (D:4)
  4 adders (D:2)
  An ufetubus (D:4)
  2 worms
  An orc (D:4)
  3 ball pythons
  6 endoplasms
  3 goblins
  6 hobgoblins
  12 jackals
  4 kobolds
  5 quokkas
  4 bats
  2 frilled lizards
  4 rats
60 creatures vanquished.

Notes
Turn   | Place    | Note
-------+----------+-------------------------------------------
     0 | D:1      | Dillybarz the Minotaur Fighter began the quest for the Orb.
     0 | D:1      | Reached XP level 1. HP: 19/19 MP: 0/0
   349 | D:1      | Reached XP level 2. HP: 27/27 MP: 1/1
   823 | D:2      | Reached XP level 3. HP: 33/33 MP: 2/2
  1512 | D:2      | Reached XP level 4. HP: 40/40 MP: 3/3
  2433 | D:3      | Found a basalt altar of Yredelemnul.
  2866 | D:4      | Noticed an ogre
  2877 | D:4      | Reached XP level 5. HP: 32/47 MP: 4/4
  2890 | D:4      | HP: 2/47 [orc/+0 falchion (3)]
  2891 | D:4      | Demolished by an ogre

Illustrated notes

Levels and vault maps discovered:
D:1:      lordsloth_arrival_two_stooges, layout_loops_ring, minmay_bisected
D:2:      kb_forest_paths, layout_basic, kennysheep_generic_room_15
D:3:      layout_loops_ring, mainiacjoe_overflow_alcove_2, serial_bayou_pond_a
D:4:      layout_cave_pods, nemelex_diamond_rough_becter, serial_shops,
          nicolae_shop_pleasant_corner_grove, uniq_pikel

Skill      XL: |  1  2  3  4 |
---------------+-------------+-----
Axes           | 3 4 |  4.7
Shields        | 4 |  4.6
Armour         | 4 |  4.6
Fighting       | 4 |  4.6

Action                     |  1- 3 |  4- 6 || total
---------------------------+-------+-------++-------
  Melee: War axe           |    64 |    51 ||   115
         Headbutt          |     6 |     9 ||    15
    Use: Scroll            |     6 |     3 ||     9
 Armour: Scale mail        |    23 |    25 ||    48
  Dodge: Dodged            |    35 |    28 ||    63
  Block: Buckler           |    13 |    10 ||    23
